 Dungeon Crawl Stone Soup version 0.29.0-4-gdea44cf6ec (webtiles) character file.

Game seed: 835761151071963141

66 qw the Chopper (level 4, -3/32 HPs)
             Began as a Barachi Chaos Knight on Sept 4, 2022.
             Killed from afar by a white imp (7 damage)
             ... with a puff of frost
             ... summoned by Xom
             ... on level 2 of the Dungeon.
             The game lasted 00:00:47 (1855 turns).

qw the Chopper (Barachi Chaos Knight)               Turns: 1855, Time: 00:00:47

Health: -3/32      AC: 10    Str: 15      XL:     4   Next: 15%
Magic:  4/4        EV: 10    Int: 13      God:
Gold:   124        SH:  3    Dex:  9 (11) Spells: 3/3 levels left

rFire   . . .      SeeInvis .   Y - +0 hand axe (chaos)
rCold   . . .      Faith    .   h - +0 buckler
rNeg    . . .      Spirit   .   b - +2 leather armour
rPois   .          Reflect  .   a - +0 helmet
rElec   .          Harm     .   i - +2 cloak {Will+}
rCorr   .          Rampage  .   (no gloves)
Will    +....                   d - +0 pair of boots
Stlth   +.........              (no amulet)
HPRegen 0.10/turn               (no ring)
MPRegen 0.09/turn               (no ring)

@: slow
A: amphibious, slowness 1, strong legs 1, +LOS, deterioration 1, frail 1
a: Hop


You were on level 2 of the Dungeon.
You visited 1 branch of the dungeon, and saw 2 of its levels.

You collected 124 gold pieces.


Innate Abilities, Weirdness & Mutations

You are amphibious.
You cover ground slowly.
You can hop short distances.
You have an extended range of vision and can be seen from far away.
Your body sometimes deteriorates upon taking damage.
You are frail. (-10% HP)


   Skills:
 - Level 3.6 Fighting
 + Level 5.2 Axes
 - Level 2.4 Armour
 - Level 1.1 Dodging
 - Level 1.0 Shields


You had 3 spell levels left.
You didn't know any spells.
Your spell library was empty.

Inventory:

Hand Weapons
 e - a +0 whip
 Y - a +0 hand axe of chaos (weapon)
Armour
 a - a +0 helmet (worn)
 b - a +2 leather armour (worn)
 d - a +0 pair of boots (worn)
 h - a +0 buckler (worn)
 i - a +2 cloak of willpower (worn)
Scrolls
 j - 2 scrolls of identify
Potions
 f - a potion of heal wounds {unknown}
 g - a potion of attraction {unknown}
Miscellaneous
 c - a piece from Xom's chessboard (15/15)

Dungeon Overview and Level Annotations

Branches:
Dungeon (2/15)

Altars:
Qazlal


Message History

The shadow imp is severely wounded.
You hit the white imp. You burn the white imp.
You closely miss the crimson imp. You hit the white imp but do no damage.
The white imp flickers and vanishes!
Deactivating autopickup; reactivate with Ctrl-A.
You closely miss the crimson imp.
The white imp hits you but does no damage.
The shadow imp gestures at you. You resist with some effort.
Something hits you but does no damage.
The crimson imp hits you but does no damage. x2
You closely miss the shadow imp.
The shadow imp is severely wounded.
You hit the crimson imp. You closely miss the white imp.
You hit the crimson imp. You closely miss something.
You kill the ufetubus!
The ufetubus disappears in a puff of smoke!
The white imp hits you. The white imp freezes you.
The shadow imp hits you but does no damage.
A puff of frost appears from out of thin air!
The puff of frost hits you. The crimson imp closely misses you.
The crimson imp blinks!
You hit the crimson imp. You freeze the crimson imp.
You kill the crimson imp!
The crimson imp disappears in a puff of smoke!
You barely miss the white imp. You hit the shadow imp. You burn the shadow imp.
You kill the shadow imp!
The shadow imp disappears in a puff of smoke!
You barely miss something. You barely miss the ufetubus.
You block the ufetubus's attack. The ufetubus closely misses you.
A puff of frost appears from out of thin air!
The puff of frost hits you.
The crimson imp shouts, "Begone, thou foppish dread-bolted mendicant!"
You hit the white imp but do no damage.
The white imp is heavily wounded.
You barely miss something. You hit the white imp but do no damage.
A puff of frost appears from out of thin air!
The puff of frost hits you.
The white imp hits you but does no damage.
A puff of frost appears from out of thin air!
The puff of frost hits you!
You die...

#.# #.............# #.#
#.###########.#
#.######.#.#########.######
#.........................#
###
#.######.#..########'####.#
..# #.# #.#..#
#........##.# ..# #.#
###.#..# #........##.#
..####.# #.#.#5{#
#........##.#
..'....####.#.#5@#
#........##.#
..#######...#.#55#
######+####.# ..#
#.#.#.#..######## #.# ..#
#.#.#.#.........# #.# ..#
#.#.#.##.######.# ###.#
.########.#.#..#5.....#
..#.#
.'..............>.....#
#.#.#
.#.#.####.#.##.#......#
#.#.# .#.#.#
###.##.#......# #.#.#


You could see a crimson imp (summoned), 3 white imps and an ufetubus (summoned).

Vanquished Creatures
  2 adders (D:2)
  A dart slug (D:1)
  4 orcs (D:2)
  3 ball pythons
  6 bats
  An endoplasm (D:2)
  3 giant cockroaches
  A goblin (D:1)
  A hobgoblin (D:1)
  3 jackals (D:1)
  3 quokkas
  A frilled lizard (D:1)
  2 kobolds (D:1)
  9 rats
40 creatures vanquished.

Notes
Turn   | Place    | Note
-------+----------+-------------------------------------------
     0 | D:1      | qw the Barachi Chaos Knight began the quest for the Orb.
     0 | D:1      | Reached XP level 1. HP: 18/18 MP: 1/1
     0 | D:1      | 0 ||| qw: Version: 0.1-a-103-gd6f5d3a
     0 | D:1      | 0 ||| qw: Game counter: 5622
     0 | D:1      | 0 ||| qw: Always use a shield: true
     0 | D:1      | 0 ||| qw: God list: Okawaru
     0 | D:1      | 0 ||| qw: Allow faded altars: false
     0 | D:1      | 0 ||| qw: Do Orc after D:15 true
     0 | D:1      | 0 ||| qw: Do second Lair branch before Depths: true
     0 | D:1      | 0 ||| qw: Lair rune preference: random
     0 | D:1      | 0 ||| qw: Plans: Normal
     0 | D:1      | 0 ||| PLANNING D:1-11
     0 | D:1      | Fell from the grace of Xom
    15 | D:1      | 15 ||| Stepping ~*~*~tactically~*~*~ (stealth).
    27 | D:1      | 27 ||| DROPPING +0 club.
    32 | D:1      | 32 ||| Stepping ~*~*~tactically~*~*~ (stealth).
    81 | D:1      | Reached XP level 2. HP: 14/24 MP: 2/2
   217 | D:1      | You fall into a shaft and drop 1 floor!
   353 | D:2      | 353 ||| Stepping ~*~*~tactically~*~*~ (stealth).
   360 | D:2      | Reached skill level 4 in Axes
   396 | D:2      | XOM: summons 2 hostile shadow creatures
   484 | D:2      | Reached XP level 3. HP: 29/29 MP: 3/3
   671 | D:2      | 671 ||| UPGRADING to +0 buckler.
   676 | D:2      | 676 ||| UPGRADING to +2 cloak of willpower.
   681 | D:2      | 681 ||| READING scroll labelled ITHEWK FANWOF.
   682 | D:2      | 682 ||| READING scroll labelled BIACUTE TENEO.
   767 | D:2      | Found a stormy altar of Qazlal.
   768 | D:2      | 768 ||| UPGRADING to +0 helmet.
  1122 | D:1      | Reached skill level 1 in Shields
  1153 | D:1      | XOM: summons 1 hostile shadow creature
  1322 | D:1      | Reached skill level 5 in Axes
  1386 | D:1      | XOM: give mutations
  1386 | D:1      | Gained mutation: Your body sometimes deteriorates upon
                  | taking damage. [Xom's mischief]
  1386 | D:1      | Gained mutation: You are frail. (-10% HP) [Xom's mischief]
  1417 | D:1      | Found a faded altar of an unknown god.
  1432 | D:1      | Reached XP level 4. HP: 31/32 MP: 4/4
  1651 | D:1      | 1651 ||| UPGRADING to +0 pair of boots.
  1656 | D:1      | 1656 ||| READING scroll labelled KYKECO GOWIURHA.
  1679 | D:2      | 1679 ||| STAIRDANCE
  1845 | D:2      | XOM: summons 9 hostile demons
  1854 | D:2      | HP: 8/32 [something/puff of frost[Xom] (2)]
  1855 | D:2      | Killed from afar by a white imp

Levels and vault maps discovered:
D:1:      matt_arrival_grand_opening, layout_loops_corners,
          shapermc_ecumenical_altar_totnotflames, minmay_rat_gold_closets
D:2:      layout_basic, basic_altar

Skill      XL: |  1  2  3 |
---------------+----------+-----
Axes           | 4 5 |  5.2
Shields        | 1 |  1.0
Fighting       | |  3.6
Armour         | |  2.4
Dodging        | |  1.1

Action                   |  1- 3 |  4- 6 || total
-------------------------+-------+-------++-------
Melee: Hand axe          |   102 |    28 ||   130
Invok: Renounce Religion |     1 |       ||     1
  Use: Scroll            |     2 |     1 ||     3
Armor: Leather armour    |    42 |    24 ||    66
Dodge: Dodged            |    62 |    20 ||    82
Block: Buckler           |     7 |     5 ||    12

Table legend:
 A = Non-vault XP
 B = Vault XP
 C = Vault XP percentage of total XP
 D = Non-vault monster count
 E = Vault monster count
 F = Vault count percentage of total count
                 A         B        C        D         E       F
            +---------+---------+-------+---------+---------+-------
      Total |      88 |       7 |   7.4 |      33 |       7 |  17.5
            +---------+---------+-------+---------+---------+-------
        D:1 |      30 |       7 |  18.9 |      16 |       7 |  30.4
        D:2 |      58 |       0 |   0.0 |      17 |       0 |   0.0
            +---------+---------+-------+---------+---------+-------
